 Dungeon Crawl Stone Soup version 0.26-a0-83-g7ccd015ce0 (webtiles) character file.

Game seed: 10666140819918185570

43 Gamerguy47 the Chopper (level 3, -5/29 HPs)
             Began as a Demonspawn Fighter on June 16, 2020.
             Slain by a phantom (6 damage)
             ... on level 2 of the Dungeon.
             The game lasted 00:27:30 (909 turns).

Gamerguy47 the Chopper (Demonspawn Fighter)          Turns: 909, Time: 00:27:31

Health: -5/29      AC:  6    Str: 17    XL:     3   Next: 37%
Magic:  2/2        EV:  6    Int: 13    God:
Gold:   30         SH: 13    Dex: 12    Spells: 2/2 levels left

rFire    . . .     SeeInvis .   a - +1 war axe
rCold    . . .     Gourm    .   c - +0 kite shield
rNeg     . . .     Faith    .   b - +0 scale mail
rPois    +         Spirit   .   (no helmet)
rElec    .         Reflect  +   (no cloak)
rCorr    .         Harm     .   (no gloves)
MR       .....     Clarity  +   (no boots)
Stlth    ..........             e - amulet of reflection
HPRegen  0.09/turn              i - ring of poison resistance
MPRegen  0.08/turn              (no ring)

@: mighty
A: talons 1, clarity, clever 2, low mp 1, rot immunity
a: no special abilities


You were on level 2 of the Dungeon.
You were not hungry.

You visited 1 branch of the dungeon, and saw 2 of its levels.

You collected 30 gold pieces.

Inventory:

Hand Weapons
 a - a +1 war axe (weapon)
Armour
 b - a +0 scale mail (worn)
 c - a +0 kite shield (worn)
Jewellery
 e - an amulet of reflection (around neck)
 i - a ring of poison resistance (left hand)
Scrolls
 h - a scroll of noise {unknown}
 j - a scroll of amnesia {unknown}
Comestibles
 f - 3 rations
 k - a chunk of flesh


   Skills:
 - Level 3.0 Fighting
 + Level 3.4 Axes
 - Level 2.7 Armour
 - Level 2.7 Shields


You had 2 spell levels left.
You didn't know any spells.
Your spell library was empty.

Dungeon Overview and Level Annotations

Branches:
Dungeon (2/15)

Altars:

Annotations:
D:2 Terence


Innate Abilities, Weirdness & Mutations

You have sharp toenails.
You are immune to rotting.
You possess an exceptional clarity of mind.
Your mind is very acute. (Int +4)
Your magical capacity is low. (-10% MP)


Message History

You completely miss the phantom. Your kick misses the phantom.
You block the phantom's attack.
You miss the phantom. You claw the phantom.
The phantom is lightly damaged.
The phantom hits you! x2
* * * LOW HITPOINT WARNING * * *
Unknown command.
You feel very mighty all of a sudden.
The phantom blinks!
As you read the scroll labeled MIGAZ DEOD, it crumbles to dust.
It is a scroll of enchant weapon.
Your +0 war axe glows red for a moment.
The phantom hits you.
* * * LOW HITPOINT WARNING * * *
You slash the phantom!
The phantom is moderately damaged.
The phantom hits you but does no damage.
You slash the phantom!
The phantom is heavily damaged.
You block the phantom's attack. The phantom hits you.
You die...

### # #@## .#
##W###.# ##h#..#
##K#.## ##@..#
#...#.## ###..#.##
#.....# ##
..........#.##.###


You could see a phantom, Terence, a jackal and a kobold.

Vanquished Creatures
  2 adders (D:2)
  2 dart slugs (D:1)
  A leopard gecko (D:1)
  A goblin (D:1)
  3 hobgoblins (D:1)
  5 jackals
  2 bats (D:1)
  A frilled lizard (D:1)
  A kobold (D:1)
  3 rats (D:1)
21 creatures vanquished.

Notes
Turn   | Place    | Note
-------+----------+-------------------------------------------
     0 | D:1      | Gamerguy47 the Demonspawn Fighter began the quest for the
                  | Orb.
     0 | D:1      | Reached XP level 1. HP: 18/18 MP: 1/1
    84 | D:1      | Gained mutation: You can translocate small distances at
                  | will. [potion of mutation]
    84 | D:1      | Gained mutation: Your muscles are strong. (Str +2) [potion
                  | of mutation]
    84 | D:1      | Gained mutation: You have sharp toenails. [potion of
                  | mutation]
   239 | D:1      | Lost mutation: You have sharp toenails. [potion of
                  | mutation]
   239 | D:1      | Lost mutation: Your muscles are strong. (Str +2) [potion of
                  | mutation]
   239 | D:1      | Lost mutation: You can translocate small distances at will.
                  | [potion of mutation]
   239 | D:1      | Gained mutation: Your mind is acute. (Int +2) [potion of
                  | mutation]
   239 | D:1      | Gained mutation: You possess an exceptional clarity of
                  | mind. [potion of mutation]
   239 | D:1      | Gained mutation: Your magical capacity is low. (-10% MP)
                  | [potion of mutation]
   239 | D:1      | Gained mutation: Your mind is very acute. (Int +4) [potion
                  | of mutation]
   279 | D:1      | Gained mutation: You have sharp toenails. [demonic
                  | ancestry]
   279 | D:1      | Reached XP level 2. HP: 24/24 MP: 1/1
   740 | D:2      | Gained mutation: You are immune to rotting. [demonic
                  | ancestry]
   740 | D:2      | Reached XP level 3. HP: 25/29 MP: 2/2
   847 | D:2      | Noticed a phantom
   860 | D:2      | Noticed Terence
   907 | D:2      | HP: 1/29 [phantom (5)]
   909 | D:2      | Slain by a phantom

Illustrated notes

Levels and vault maps discovered:
D:1:      lightli_arrival_statuegarden, layout_basic, minivault_27,
          minmay_misc_feat_encased
D:2:      layout_rooms, uniq_sigmund, uniq_terence

Skill      XL: |  1  2 |
---------------+-------+-----
Axes           | 2 3 |  3.4
Fighting       | |  3.0
Armour         | |  2.7
Shields        | |  2.7

Action                   || total
-------------------------++-------
Melee: War axe           ||    80
       Kick              ||    16
  Use: Potion            ||     7
       Scroll            ||     1
Armor: Scale mail        ||    32
Dodge: Dodged            ||    21
Block: Kite shield       ||    68

Table legend:
 A = Non-vault XP
 B = Vault XP
 C = Vault XP percentage of total XP
 D = Non-vault monster count
 E = Vault monster count
 F = Vault count percentage of total count
                 A         B        C        D         E       F
            +---------+---------+-------+---------+---------+-------
      Total |      62 |       0 |   0.0 |      21 |       0 |   0.0
            +---------+---------+-------+---------+---------+-------
        D:1 |      30 |       0 |   0.0 |      16 |       0 |   0.0
        D:2 |      32 |       0 |   0.0 |       5 |       0 |   0.0
            +---------+---------+-------+---------+---------+-------
